Unix NetHack Version 5.0.0-0 post-release - last build Jun 10 2026 00:39:30 (3ee93aec679c4c4259841fe613dc97188e26a321,branch:main).

Game began 2026-06-29 17:24:21, ended 2026-06-29 17:32:36.

DaveT, lawful male human Priest

                                                                         ---
                                                                       ---.---
                                                                     ---.....|
                                                               | --  |<..[...--
                                                               |..........@h..|
                                                            -.................|
                                                            |.... |.|....*...--
                                                            ----  | ----..----
                                                                       -..|
                                                                       ..--
                                                                       -.
                                                                       ---

DaveT the Acolyte            St:11 Dx:12 Co:15 In:11 Wi:18 Ch:9  Lawful
Dlvl:4  $:54 HP:0(28) Pw:70(70) AC:5  Xp:4 T:1466 

Latest messages:
 You descend the stairs.
 You climb up the stairs.
 Something is written here in the dust.
 You read: "Closed for inventory".
 You descend the stairs.
 You miss the gnome.
 You miss the gnome.
 You kill the gnome!
 There is a gnome corpse here; eat it? [ynq] (n) y
 This gnome corpse tastes okay.
 You stop eating the gnome corpse.
 There is a partly eaten gnome corpse here; eat it? [ynq] (n) y
 You resume your meal.
 You stop eating the gnome corpse.
 You kill the gnome!
 The gnome hits!
 You hit the gnome.
 The gnome hits!
 You kill the gnome!
 You see here a blessed candle.
 L - a blessed candle.
 There is a partly eaten gnome corpse here; eat it? [ynq] (n) y
 You resume your meal.
 You finish eating the gnome corpse.
 M - a cursed candle.
 What do you want to throw? [$iq or ?*] ?
 In what direction? h
 The dart misses the dwarf.
 The dwarf gets angry!
 The dwarf gets angry!
 You hit the dwarf!
 You kill the dwarf!
 The dwarf wields a broad short sword!
 There are several objects here.
 What do you want to eat? [efG or ?*] <space>
 Never mind.
 $ - 14 gold pieces (54 in total).
 i - a dart (12 in total).
 N - a dagger.
 You miss the dwarf.
 You miss the dwarf.
 The dwarf thrusts his broad short sword.
 The dwarf hits!
 You miss the dwarf.
 You miss the dwarf.
 The dwarf thrusts his broad short sword.
 The dwarf hits!
 You die...
 Do you want your possessions identified? [ynq] (y) y
 Do you want to see your attributes? [ynq] (y) q

Inventory:
 Coins    ('$')
  $ - 54 gold pieces
 Weapons  (')')
  q - 6 +0 orcish arrows
  i - 12 +0 darts
  N - a +0 dagger
  a - a blessed +1 mace (weapon in right hand)
 Armor    ('[')
  l - a +0 orcish helm (being worn)
  c - a +0 small shield (being worn)
  F - a +0 cloak of invisibility
  b - a +1 robe (being worn)
  s - a +0 Hawaiian shirt with a palm tree motif (being worn)
 Comestibles  ('%')
  e - 2 cloves of garlic
  G - 3 food rations
  f - 2 sprigs of wolfsbane
 Spellbooks  ('+')
  h - a spellbook of detect food
  g - a spellbook of light
 Potions  ('!')
  d - 4 potions of holy water
  o - a potion of water
 Wands    ('/')
  K - a wand of fire (0:5)
 Tools    ('(')
  L - a blessed tallow candle
  M - a cursed tallow candle
  D - a towel
 Gems/Stones  ('*')
  p - 2 worthless pieces of blue glass
  I - a worthless piece of yellowish brown glass

DaveT the Priest's attributes:

Background:
 You were an Acolyte, a level 4 human Priest.
 You were lawful, on a mission for Mercury
 who was opposed by Venus (neutral) and Mars (chaotic).
 You were right-handed.
 You were in the Gnomish Mines, on level 4.
 You entered the dungeon 1466 turns ago.
 There was a full moon in effect when your adventure ended.
 You had 155 experience points, 5 more were needed to attain level 5.

Basics:
 You had 0 out of 28 hit points.
 You had all 70 energy points (spell power).
 Your armor class was 5.
 Your wallet contained 54 zorkmids.
 Autopickup was off.

Final Characteristics:
 Your strength was 11 (limit:18/100).
 Your dexterity was 12 (limit:18).
 Your constitution was 15 (limit:18).
 Your intelligence was 11 (limit:18).
 Your wisdom was 18 (limit:18).
 Your charisma was 9 (limit:18).

Final Status:
 You weren't hungry.
 You were unencumbered.
 You were wielding a mace.
 You had basic skill with mace.

Final Attributes:
 You were haltingly aligned.
 You saw invisible.
 You were guarded.
 Your spell casting was enhanced by wearing a robe.
 You were lucky.
 You are dead.

Miscellaneous:
 You didn't encounter any bones levels.
 Total elapsed playing time was 8 minutes and 14 seconds.

Major events:
 Turn
    1: DaveT the lawful human Priest entered the dungeon
  437: attained the rank of Acolyte (level 3)
 1407: entered the Gnomish Mines
 1466: killed by a dwarf

Spells:
 Name                 Level Category     Fail Retention
 light                  1   clerical       0%  91%-100%
 detect food            2   divination    46%  76%-100%

Skills:
 Fighting Skills
   bare handed combat [Unskilled]
 Weapon Skills
   club               [Unskilled]
   mace               [Basic]
   morning star       [Unskilled]
   flail              [Unskilled]
   hammer             [Unskilled]
   quarterstaff       [Unskilled]
   polearms           [Unskilled]
   spear              [Unskilled]
   trident            [Unskilled]
   lance              [Unskilled]
   bow                [Unskilled]
   sling              [Unskilled]
   crossbow           [Unskilled]
   dart               [Unskilled]
   shuriken           [Unskilled]
   boomerang          [Unskilled]
   unicorn horn       [Unskilled]
 Spellcasting Skills
   healing spells     [Unskilled]
   divination spells  [Unskilled]
   clerical spells    [Basic]

Voluntary challenges:
 Character rerolling was not enabled.
 You never genocided any monsters.
 You never polymorphed an object.
 You never changed form.
 You used no wishes.
Achievements:
 You entered a shop.
 You attained the rank of Acolyte.
 You entered the Gnomish Mines.

 The Dungeons of Doom: levels 1 to 4
    Level 1:
       An altar, some fountains.
    Level 2:
       An armor shop, a fountain.
    Level 3:
       A fountain, a grave.
       Stairs down to The Gnomish Mines.
    Level 4:
 The Gnomish Mines:
    Level 4: <- You were here.
       Final resting place for
          you, killed by a dwarf.


Vanquished creatures:
  a large mimic
  a small mimic
  a kitten
  a dwarf
  a giant bat
  a dwarf zombie
 an acid blob
  a cave spider
  3 gnomes
  a gecko
  2 jackals
  3 foxes
  a goblin
  3 grid bugs
  a lichen
  a kobold zombie
  8 newts
31 creatures vanquished.

No species were genocided or became extinct.

Game over:
                       ----------
                      /          \
                     /    REST    \
                    /      IN      \
                   /     PEACE      \
                  /                  \
                  |      DaveT       |
                  |      54 Au       |
                  |   killed by a    |
                  |      dwarf       |
                  |                  |
                  |                  |
                  |       2026       |
                 *|     *  *  *      | *
        _________)/\\_//(\/(/\)/\//\/|_)_______

Goodbye DaveT the Priest...

You died in The Gnomish Mines on dungeon level 4 with 1009 points,
and 54 pieces of gold, after 1466 moves.
You were level 4 with a maximum of 28 hit points when you died.

